Map: Lerilak Crest

Players

capac

  • Race: Terran Terran
  • League: Gold

Aurelius - Winner!

  • Race: Zerg Zerg
  • League: Gold

VOD

Have the link to the VOD?

Description

Time

  • Played on: March 3, 2016, 3:13 p.m.
  • Length: 20:27
Show
View Real Time Build Order
Export as new Build Order

capac Terran 

Build Orders: MMM Bio 

Get SALT Encoding   

  12  0:00  SCV  
  13  0:13  SCV  
  14  0:18  Supply Depot  
  14  0:25  SCV  
  15  0:39  SCV  
  16  0:44  Barracks  
  16  0:50  Refinery  
  16  0:51  SCV  
  17  1:03  SCV  
  18  1:15  SCV  
  19  1:28  SCV  
  20  1:36  Command Center  
  20  1:37  Barracks Reactor  
  20  1:40  SCV  
  21  1:48  Supply Depot  
  21  1:55  Orbital Command  
  21  2:16  Marine x2  
  23  2:26  Factory  
  23  2:29  Barracks  
  23  2:32  SCV  
  24  2:39  Marine x2  
  26  2:44  SCV  
  26  2:46  Refinery  
  27  2:54  Bunker  
  27  2:57  Orbital Command  
  27  3:07  SCV  
  27  3:08  Marine x2  
  27  3:12  Factory Tech Lab  
  29  3:18  Barracks Tech Lab  
  29  3:20  Starport, SCV  
  29  3:22  SCV  
  31  3:31  Marine x2  
  33  3:39  SCV x2  
  34  4:02  Marine x3  
  33  4:03  Siege Tank  
  33  4:16  SCV  
  34  4:23  Marine  
  32  4:43  Marine x2  
  32  4:45  Starport Reactor  
  31  4:49  Barracks, Siege Tank  
  34  5:00  Supply Depot  
  34  5:03  SCV  
  34  5:06  Marine x2  
  37  5:15  SCV  
  37  5:18  Orbital Command  
  38  5:42  SCV  
  39  5:47  Supply Depot  
  39  5:51  Supply Depot, Barracks Reactor  
  39  5:54  SCV  
  39  5:55  SCV  
  41  5:59  Marine x3  
  44  6:07  SCV  
  44  6:08  SCV  
  46  6:19  SCV  
  46  6:22  SCV  
  46  6:23  Marine x3  
  46  6:25  Stimpack  
  51  6:26  Siege Tank  
  51  6:29  Medivac  
  51  6:31  SCV  
  57  6:37  SCV  
  58  6:40  Refinery  
  58  6:43  SCV  
  58  6:44  Liberator  
  59  6:50  Liberator  
  59  6:52  Supply Depot  
  59  6:56  Refinery  
  59  6:57  SCV x2  
  59  6:58  Marine  
  59  6:59  Marine x4  
  72  7:09  Supply Depot  
  72  7:10  Engineering Bay  
  72  7:12  Siege Tank  
  75  7:19  Supply Depot  
  75  7:24  SCV x2  
  77  7:30  Marine x3  
  77  7:31  Marine x2  
  77  7:36  Supply Depot, SCV x2  
  84  7:38  Terran Infantry Weapons Level 1  
  84  7:40  Engineering Bay  
  84  7:44  Siege Tank  
  87  7:48  SCV x2  
  87  7:50  Medivac  
  91  7:52  Marine  
  91  7:53  Marine  
  93  8:00  SCV x2  
  93  8:01  Marine x3  
  98  8:07  Terran Infantry Armor Level 1  
  98  8:11  Armory  
  98  8:14  Supply Depot  
  98  8:23  Medivac x2  
  98  8:24  Marine x4  
  98  8:25  Marine  
  107  8:28  Combat Shields  
  107  8:42  Supply Depot  
  107  8:51  Marine x3  
  107  8:52  Marine x2, Command Center  
  112  8:56  Liberator x2  
  112  8:57  Siege Tank  
  121  9:28  Marine  
  121  9:29  Marine x4  
  126  9:36  Barracks  
  126  9:38  Barracks  
  126  9:41  Supply Depot  
  126  9:42  Siege Tank  
  129  9:46  Marine x2  
  129  9:47  Marine  
  129  9:50  Liberator  
  132  9:56  Marine x2  
  134  10:03  Terran Infantry Weapons Level 2, Terran Infantry Armor Level 2  
  134  10:08  Supply Depot  
  137  10:32  Terran Ship Weapons Level 1  
  137  10:34  Marine x4  
  142  10:36  Barracks Reactor  
  142  10:37  Barracks Reactor  
  142  10:40  Liberator x2  
  141  10:45  Bunker  
  141  10:51  Supply Depot  
  141  10:53  Marine x4  
  141  10:54  Marine  
  152  11:07  Supply Depot  
  152  11:11  Marine  
  152  11:12  Marine x4  
  152  11:13  Marine  
  152  11:14  Supply Depot, Marine  
  159  11:20  Orbital Command  
  159  11:24  Supply Depot  
  159  11:40  Medivac x2  
  163  11:50  Supply Depot  
  163  11:52  Supply Depot  
  163  11:56  Liberator  
  163  11:57  Liberator  
  163  12:07  Refinery  
  163  12:09  Starport  
  163  12:12  Starport  
  163  12:14  Refinery  
  169  12:16  Marine x3  
  169  12:17  Marine  
  169  12:18  Marine  
  174  12:49  Terran Infantry Weapons Level 3  
  174  12:50  Terran Infantry Armor Level 3  
  174  12:53  Barracks, Factory  
  113  13:28  Liberator x2  
  113  13:29  Liberator x2  
  92  13:40  Marine x3  
  92  13:41  Marine x6  
  78  13:58  Marine x4  
  78  13:59  Marine x5  
  89  14:36  Starport Reactor  
  89  14:37  Starport Reactor  
  86  14:41  Orbital Command  
  86  14:45  Marine x3  
  87  14:46  Marine x3  
  87  14:49  Barracks Reactor  
  75  15:18  Marine  
  75  15:19  Marine x6  
  57  16:01  Orbital Command  
  50  16:28  Marine x3  
  50  16:29  Marine x4  
  50  16:30  Marine  
  40  17:24  Marine x3  
  40  17:25  Marine x6  
  49  17:42  Marine x4  
  49  17:43  Marine x2  
  55  17:52  Marine x3  
  58  17:58  Terran Ship Weapons Level 2  
  58  18:00  Marine x6  
  64  18:09  Marine x2  
  64  18:10  Marine  
  30  19:19  Medivac x3  
  32  20:07  Marine x4  
Show
View Real Time Build Order
Export as new Build Order

Aurelius Zerg - Winner!

Build Orders: Hatch First 

Get SALT Encoding   

  12  0:01  Drone  
  14  0:16  Overlord  
  14  0:19  Drone  
  14  0:25  Extractor, Drone  
  16  0:35  Drone  
  16  0:51  Hatchery  
  16  0:53  Drone  
  16  0:56  Drone  
  17  1:01  Extractor  
  16  1:06  Drone  
  17  1:18  Spawning Pool  
  16  1:21  Drone  
  17  1:28  Drone  
  18  1:38  Drone  
  19  1:50  Overlord  
  19  1:59  Drone  
  20  2:05  Metabolic Boost  
  20  2:06  Queen  
  20  2:07  Queen  
  24  2:10  Drone  
  24  2:13  Drone  
  26  2:22  Zergling x4  
  28  2:28  Drone  
  29  2:36  Overlord  
  29  2:37  Overlord  
  29  2:53  Extractor  
  28  3:09  Zergling x10  
  28  3:10  Zergling x2  
  34  3:19  Drone x2  
  36  3:20  Drone  
  36  3:22  Zergling x6  
  40  3:34  Roach Warren  
  40  3:35  Lair  
  40  3:36  Zergling x6  
  40  3:38  Zergling x2  
  37  4:07  Zergling x2  
  37  4:08  Zergling x14  
  37  4:47  Roach  
  37  4:48  Roach x5  
  37  4:51  Glial Reconstitution  
  49  5:10  Spore Crawler  
  49  5:12  Spore Crawler  
  49  5:13  Drone x4  
  51  5:24  Overlord  
  51  5:27  Drone  
  51  5:28  Hatchery  
  51  5:42  Roach  
  56  5:43  Roach x3  
  56  5:46  Drone  
  56  5:48  Drone  
  60  5:56  Overlord  
  60  5:58  Overlord  
  60  6:19  Drone  
  60  6:20  Drone x5  
  60  6:24  Zergling x2  
  60  6:25  Drone x2  
  69  6:35  Overlord x2  
  69  6:36  Overlord  
  69  6:44  Queen  
  71  6:48  Drone x2  
  71  6:52  Drone x2  
  71  6:53  Drone x2  
  77  6:55  Drone  
  77  6:59  Drone  
  77  7:00  Drone x2  
  81  7:02  Drone  
  81  7:04  Drone  
  81  7:06  Drone  
  84  7:14  Roach x3  
  90  7:21  Extractor  
  89  7:27  Roach x4  
  97  7:34  Drone x3  
  97  7:35  Extractor, Hydralisk Den  
  97  7:37  Drone x3  
  101  7:56  Evolution Chamber  
  101  7:57  Evolution Chamber  
  99  8:05  Infestation Pit  
  99  8:07  Muscular Augments  
  99  8:08  Hydralisk x4  
  99  8:11  Overlord x3  
  99  8:12  Overlord x2  
  106  8:41  Zerg Melee Weapons Level 1  
  106  8:42  Zerg Ground Armor Level 1  
  106  8:44  Hive  
  106  8:49  Drone  
  106  8:50  Drone x3  
  106  8:53  Extractor  
  106  8:55  Extractor, Spore Crawler  
  108  9:00  Drone x3  
  108  9:01  Drone x3  
  113  9:04  Hydralisk  
  113  9:05  Hatchery  
  113  9:07  Hatchery  
  113  9:34  Hydralisk x5  
  113  9:35  Hydralisk x5  
  133  9:53  Overlord  
  133  9:54  Overlord x4  
  133  10:00  Ultralisk Cavern  
  132  10:12  Drone x3, Spore Crawler  
  132  10:13  Drone, Spore Crawler  
  134  10:19  Queen x2  
  134  10:21  Drone x2  
  140  10:36  Zerg Melee Weapons Level 2  
  140  10:37  Zerg Ground Armor Level 2  
  140  10:45  Drone  
  140  10:46  Drone x3  
  144  10:51  Chitinous Plating  
  144  11:05  Drone x2  
  144  11:06  Drone x2  
  148  11:11  Ultralisk  
  148  11:12  Ultralisk x2  
  148  11:14  Ultralisk  
  172  11:29  Ultralisk x2  
  184  11:37  Drone x4  
  184  11:38  Drone x2  
  190  11:42  Overlord x3  
  190  12:09  Pneumatized Carapace  
  190  12:11  Overseer x2  
  190  12:12  Overseer  
  190  12:16  Ultralisk  
  196  12:22  Extractor  
  196  12:25  Extractor  
  194  12:31  Ultralisk  
  200  12:46  Spire  
  136  13:21  Ultralisk x6  
  136  13:22  Ultralisk  
  136  13:25  Ultralisk  
  144  14:29  Ultralisk x3  
  144  14:30  Ultralisk  
  162  14:35  Drone  
  162  14:36  Drone x2  
  162  14:38  Drone x3  
  168  15:00  Corruptor  
  168  15:01  Corruptor x4  
  154  15:32  Corruptor  
  154  15:33  Corruptor x5  
  154  15:34  Corruptor  
  162  16:09  Corruptor  
  162  16:10  Corruptor x5  
  162  16:24  Corruptor x2  
  154  16:42  Extractor  
  154  16:44  Extractor  
  154  16:45  Drone x3  
  155  16:47  Drone x3  
  122  17:21  Corruptor  
  122  17:22  Corruptor x7  
  118  17:23  Corruptor x3  
  118  17:27  Corruptor  
  140  17:42  Hatchery  
  139  17:54  Zerg Flyer Weapons Level 1  
  139  17:57  Corruptor  
  139  17:58  Corruptor x4  
  143  17:59  Corruptor  
  143  18:04  Corruptor  
  153  18:06  Zergling x2  
  153  18:07  Hatchery, Zergling x2  
  153  18:12  Zergling x6  
  157  18:21  Zergling x8  
  157  18:22  Zergling x12  
  167  18:43  Adrenal Glands  
  167  18:47  Zergling x6  
  167  18:48  Zergling x24  
  179  18:49  Zergling x8  
  186  18:56  Extractor  
  156  19:04  Zergling x6  
  156  19:05  Zergling x12  
  146  19:17  Ultralisk x4  
  132  19:32  Spine Crawler x2  
  132  19:33  Spine Crawler  
  132  19:35  Spine Crawler, Ultralisk  
  129  19:47  Roach x2  
  129  19:48  Roach x8  
Tags
 
Composition
MMM Bio
League
GoldGold
Matchup
TvZ
Add a new tag
Caveats
  • Supply blocks, unpowered buildings, or Contaminate may cause inaccurate times.
  • Supply counts are checked every 10 seconds.